 Dungeon Crawl Stone Soup version 0.21-a0-84-g85d6d27 (webtiles) character file.

162 Lianjan the Chiller (level 5, 0/35 HPs)
             Began as a Demonspawn Ice Elementalist on July 2, 2017.
             Slain by a centaur
             ... wielding a +0 hand axe
              (8 damage)
             ... on level 4 of the Dungeon.
             The game lasted 00:09:00 (3513 turns).

Lianjan the Chiller (Demonspawn Ice Elementalist)   Turns: 3513, Time: 00:09:01

Health: 0/35       AC: 11    Str:  8    XL:     5   Next: 19%
Magic:  8/10       EV: 10    Int: 21    God:
Gold:   201        SH:  0    Dex: 14    Spells: 4/10 levels left

rFire    + . .     SeeInvis .   x - +3 dagger (venom)
rCold    . . .     Gourm    .   (no shield)
rNeg     . . .     Faith    .   f - +1 ring mail of Cotiet {rF+} (curse)
rPois    .         Spirit   .   y - +1 helmet (curse)
rElec    .         Reflect  .   h - +2 cloak
rCorr    .         Harm     .   (no gloves)
MR       .....                  (no boots)
Stlth    +.........             l - amulet of rage
HPRegen  0.11/turn              t - +4 ring of intelligence
MPRegen  0.12/turn              (no ring)

@: no status effects
A: demonic guardian 1
a: Evoke Berserk Rage


You were on level 4 of the Dungeon.
You were not hungry.

You visited 1 branch of the dungeon, and saw 4 of its levels.

You collected 201 gold pieces.

Inventory:

Hand Weapons
 k - a +0 dagger
 x - a +3 dagger of venom (weapon)
Armour
 f - the cursed +1 ring mail of Cotiet (worn) {rF+}
   (You found it on level 4 of the Dungeon)

   It protects you from fire.
   It has a curse placed upon it.
 h - a +2 cloak (worn)
 y - a cursed +1 helmet (worn)
 A - a +0 animal skin
Jewellery
 l - an amulet of rage (around neck)
 m - an uncursed amulet of guardian spirit
 t - a +4 ring of intelligence (left hand)
Scrolls
 e - a scroll of teleportation
Potions
 a - a potion of brilliance
 d - a potion of ambrosia {unknown}
 g - 3 potions of haste
 q - a potion of lignification {unknown}
 r - 2 potions of mutation {unknown}
 s - a potion of curing {unknown}
 v - 2 potions of might {unknown}
 w - a potion of experience {unknown}
Books
 b - a book of Frost

   Spells                             Type                      Level
   a - Freeze                         Ice                          1
   b - Throw Frost                    Conjuration/Ice              2
   c - Ozocubu's Armour               Charms/Ice                   3
   d - Throw Icicle                   Conjuration/Ice              4
   e - Summon Ice Beast               Ice/Summoning                4
Comestibles
 c - 4 bread rations
 i - 4 fruits
 n - a royal jelly
 z - 2 chunks of flesh


   Skills:
 - Level 1.7 Dodging
 - Level 1.7 Stealth
 + Level 3.4 Spellcasting
 + Level 1.8 Conjurations
 * Level 4.2 Ice Magic


You had 4 spell levels left.
You knew the following spells:

 Your Spells              Type           Power        Failure   Level  Hunger
a - Freeze                Ice            ###.         7%          1    None
b - Throw Frost           Conj/Ice       ###...       17%         2    ##.....
c - Ozocubu's Armour      Chrm/Ice       ##......     43%         3    ###....


Dungeon Overview and Level Annotations

Branches:
Dungeon (4/15)
 Temple: D:4-7

Altars:
Sif Muna


Innate Abilities, Weirdness & Mutations

A weak demonic guardian rushes to your aid.


Message History

Casting: Freeze
Confirm with . or Enter, or press ? or * to list all spells.
Aiming: Freeze
Press: ? - help, Shift-Dir - straight line, f - centaur
Aim: a centaur, wielding a hand axe You freeze the centaur.
The centaur is lightly wounded.
The centaur hits you with an uncursed hand axe!
* * * LOW HITPOINT WARNING * * *
The quokka bites you.
* * * LOW HITPOINT WARNING * * *
Casting: Freeze
Confirm with . or Enter, or press ? or * to list all spells.
Aiming: Freeze
Press: ? - help, Shift-Dir - straight line, f/p - centaur
Aim: a centaur, wielding a hand axe (lightly wounded)
You freeze the centaur.
The centaur is lightly wounded.
The centaur hits you with an uncursed hand axe!
You die...

############## ###
#######..>.......... ..#
...................# #.#
..#######.##########.# #.#
....?.$((.# ####.###.#
...#....cr# #.>......#
......###@#######.##.###.#
..c.#. #5........##.# #..
#). . #.#######.##.# #.#
....[.....# #.##.###.# #
........# #.....##.#
.#...?...# #.###.....
#...#...# #.# #.##.#
..#.....# #.# #.##.# .
##....#######.# #.##.#


You could see a centaur, a quokka and a friendly shadow imp.

Vanquished Creatures
  Robin (D:4)
  6 adders
  An ooze (D:3)
  3 worms (D:3)
  3 dart slugs (D:2)
  5 orcs
  A ball python (D:3)
  2 bats
  5 giant cockroaches
  10 goblins
  15 hobgoblins
  3 jackals (D:2)
  6 kobolds
  A quokka (D:2)
  4 frilled lizards
  A leopard gecko skeleton (D:4)
  5 rats
72 creatures vanquished.

Notes
Turn   | Place    | Note
-------+----------+-------------------------------------------
     0 | D:1      | Lianjan the Demonspawn Ice Elementalist began the quest for the Orb.
     0 | D:1      | Reached XP level 1. HP: 13/13 MP: 3/3
   150 | D:1      | Reached skill level 3 in Ice Magic
   419 | D:1      | Gained mutation: A weak demonic guardian rushes to your aid. [demonic ancestry]
   419 | D:1      | Reached XP level 2. HP: 19/19 MP: 0/5
   571 | D:1      | Learned a level 2 spell: Throw Frost
  1198 | D:2      | Reached XP level 3. HP: 23/24 MP: 3/6
  1658 | D:2      | Learned a level 3 spell: Ozocubu's Armour
  1840 | D:2      | Found a deep blue altar of Sif Muna.
  2026 | D:2      | Reached XP level 4. HP: 23/30 MP: 5/8
  3170 | D:4      | Reached skill level 4 in Ice Magic
  3171 | D:4      | Noticed Robin
  3319 | D:4      | Killed Robin
  3357 | D:4      | Reached XP level 5. HP: 30/35 MP: 1/10
  3479 | D:4      | Noticed a centaur
  3479 | D:4      | Got a smoking ring mail
  3497 | D:4      | Identified the cursed +1 ring mail of Cotiet {rF+} (You found it on level 4 of the Dungeon)
  3513 | D:4      | Slain by a centaur

Vault maps used:
D:1:      elethiomel_arrival_fortress_basement, minmay_bisected
D:2:      lemuel_blue_sif_altar
D:3:      grunt_ministairs_8, minmay_misc_feat_diagonals
D:4:      first_bread, uniq_robin

Skill      XL: |  1  2  3  4 |
---------------+-------------+-----
Ice Magic      | 3 4 |  4.2
Spellcasting   | 3 |  3.4
Dodging        | |  1.7
Stealth        | |  1.7
Conjurations   | |  1.8

Action                   |  1- 3 |  4- 6 || total
-------------------------+-------+-------++-------
Melee: Dagger            |     8 |    11 ||    19
 Cast: Freeze            |    55 |    62 ||   117
       Throw Frost       |       |     1 ||     1
  Use: Scroll            |       |     9 ||     9
 Stab: Sleeping          |       |     1 ||     1
  Eat: Chunk             |     4 |     4 ||     8
Armor: Robe              |    11 |     4 ||    15
       Ring mail         |       |     1 ||     1
Dodge: Dodged            |    33 |    33 ||    66
